 Dungeon Crawl Stone Soup version 0.29-a0-322-g68df515428 (webtiles) character file.

Game seed: 3274807049863599718

69 Ijustatesigmund the Firebug (level 4, -3/24 HPs)
             Began as a Deep Elf Fire Elementalist on Apr 6, 2022.
             Slain by a worm (8 damage)
             ... on level 2 of the Dungeon.
             The game lasted 00:02:14 (1748 turns).

Ijustatesigmund the Firebug (DEFE)                  Turns: 1748, Time: 00:02:15

Health: -3/24      AC:  2    Str:  5    XL:     4   Next: 2%
Magic:  5/10       EV: 13    Int: 22    God:
Gold:   121        SH:  0    Dex: 21    Spells: 6/9 levels left

rFire   . . .      SeeInvis .   c - +0 dagger
rCold   . . .      Faith    .   (no shield)
rNeg    . . .      Spirit   .   a - +0 robe
rPois   .          Reflect  .   (no helmet)
rElec   .          Harm     .   (no cloak)
rCorr   .          Rampage  .   (no gloves)
Will    .....                   (no boots)
Stlth   ++........              (no amulet)
HPRegen 0.08/turn               g - +6 ring of dexterity
MPRegen 0.12/turn               (no ring)

@: no status effects
A: no striking features
a: no special abilities


You were on level 2 of the Dungeon.
You visited 1 branch of the dungeon, and saw 2 of its levels.

You collected 121 gold pieces.

Inventory:

Hand Weapons
 c - a +0 dagger (weapon)
Armour
 a - a +0 robe (worn)
Jewellery
 g - a +6 ring of dexterity (left hand)
Wands
 h - a wand of iceblast (4)
Potions
 b - a potion of magic
 d - a potion of mutation {unknown}
 e - a potion of brilliance {unknown}
 f - a potion of flight {unknown}


   Skills:
 - Level 2.4 Dodging
 - Level 2.4 Stealth
 - Level 3.0 Spellcasting
 + Level 3.1 Conjurations
 + Level 4.4 Fire Magic


You had 6 spell levels left.
You knew the following spells:

 Your Spells              Type           Power      Damage    Failure   Level
a - Foxfire               Conj/Fire      80%        2x1d8     2%          1
b - Scorch                Fire           46%        2d7       3%          2

Your spell library contained the following spells:

 Spells                   Type           Power      Damage    Failure   Level
 Conjure Flame            Conj/Fire      20%        6-21      8%          3
 Slow                     Hex            12%        N/A       12%         1
 Inner Flame              Hex/Fire       13%        N/A       16%         3
 Flame Wave               Conj/Fire      20%        2d7       26%         4
 Confusing Touch          Hex            3%         N/A       36%         3
 Vampiric Draining        Necr           3%         2d6       36%         3


Dungeon Overview and Level Annotations

Branches:
Dungeon (2/15)

Altars:

Shops:
D:2 (


Message History

You now have 91 gold pieces (gained 11).
You now have 108 gold pieces (gained 17).
You now have 121 gold pieces (gained 13).
A worm comes into view.
Found 26 stones.
Casting: Foxfire (safe; 2% risk of failure)
Confirm with . or Enter, or press ? or * to list all spells.
You conjure some foxfire!
The foxfire hits the worm.
The worm is lightly wounded.
Casting: Foxfire (safe; 2% risk of failure)
Confirm with . or Enter, or press ? or * to list all spells.
You conjure some foxfire!
Your foxfire dissipates!
Casting: Foxfire (safe; 2% risk of failure)
Confirm with . or Enter, or press ? or * to list all spells.
You conjure some foxfire!
Your foxfire dissipates!
The foxfire hits the worm!
The worm is moderately wounded.
Your foxfire dissipates!
The worm bites you!
Casting: Foxfire (safe; 2% risk of failure)
Confirm with . or Enter, or press ? or * to list all spells.
You conjure some foxfire!
The foxfire hits the worm but does no damage.
The worm is moderately wounded.
The worm bites you!
* * * LOW HITPOINT WARNING * * *
Your foxfire dissipates!
Casting: Foxfire (safe; 2% risk of failure)
Confirm with . or Enter, or press ? or * to list all spells.
You conjure some foxfire!
The worm barely misses you.
The foxfire hits the worm.
The worm is heavily wounded.
Your foxfire dissipates!
Casting: Foxfire (safe; 2% risk of failure)
Confirm with . or Enter, or press ? or * to list all spells.
You conjure some foxfire!
The worm bites you!
You die...

#.)#.######.#
#..#.#....#.#..#
#..#.#.##.#.#..#
#..#.#..#.#.#..#
#..#.#..#.#§#(.#
#..#.####.#v#..#
#..#......#§#..#
#..########§#w#
#......)...v@v#
#.....#########
#######


You could see a worm (ally target).

Vanquished Creatures
  3 adders (D:2)
  A worm (D:2)
  2 endoplasms (D:1)
  3 giant cockroaches (D:1)
  3 goblins
  2 hobgoblins
  10 jackals
  6 kobolds
  3 bats (D:1)
  A frilled lizard (D:1)
  A rat (D:1)
35 creatures vanquished.

Vanquished Creatures (others)
  132 foxfires
132 creatures vanquished.

Grand Total: 167 creatures vanquished

Notes
Turn   | Place    | Note
-------+----------+-------------------------------------------
     0 | D:1      | Ijustatesigmund the Deep Elf Fire Elementalist began the
                  | quest for the Orb.
     0 | D:1      | Reached XP level 1. HP: 10/10 MP: 6/6
   372 | D:1      | Reached XP level 2. HP: 15/15 MP: 2/8
   851 | D:1      | Reached skill level 4 in Fire Magic
  1081 | D:2      | Reached XP level 3. HP: 10/19 MP: 4/9
  1286 | D:2      | Learned a level 2 spell: Scorch
  1338 | D:2      | Found Faequovet's Weapon Shoppe.
  1621 | D:2      | Reached XP level 4. HP: 24/24 MP: 7/10
  1748 | D:2      | Slain by a worm

Illustrated notes

Levels and vault maps discovered:
D:1:      grunt_arrival_crossed_arrows, layout_rooms, minivault_27,
          minmay_worlds_worst_comb
D:2:      layout_rooms, serial_shops, nicolae_shop_behind_doors, minivault_5

Skill      XL: |  1  2  3 |
---------------+----------+-----
Conjurations   | 2 3 |  3.1
Fire Magic     | 4 |  4.4
Dodging        | |  2.4
Stealth        | |  2.4
Spellcasting   | |  3.0

Action                   |  1- 3 |  4- 6 || total
-------------------------+-------+-------++-------
Melee: Dagger            |     1 |       ||     1
 Cast: Foxfire           |    76 |     6 ||    82
       Scorch            |     3 |       ||     3
  Use: Scroll            |     1 |       ||     1
Armor: Robe              |     7 |       ||     7
Dodge: Dodged            |    23 |     1 ||    24

Table legend: (Time is in decaauts)
 A = Elapsed time spent in this place.
 B = Non-inter-level travel time spent in this place.
 C = Inter-level travel time spent in this place.
 D = Time resting spent in this place.
 E = Time spent auto-exploring this place.
 F = Levels seen in this place.
 G = Mean time per level.
                   A        B        C        D        E       F      G
               +--------+--------+--------+--------+--------+-----+--------+
         Total |   1746 |   1733 |     13 |    397 |   1094 |   2 |  873.0 |
       Dungeon |   1746 |   1733 |     13 |    397 |   1094 |   2 |  873.0 |
               +--------+--------+--------+--------+--------+-----+--------+

Top non-repeatable levels by time:
     D:1: 1040 daAuts
     D:2: 706 daAuts
